Construct Section Command Post
Selects Australian Defense Battlegroup
Selects Australian Light Infantry Section
Australian Light Infantry Section
Construct Platoon Command Post
Selects 2-pounder Anti-tank Gun Team
2-pounder Anti-tank Gun Team
Unlock Bishop Self-propelled Artillery
Australian Light Infantry Section
2-pounder Anti-tank Gun Team
Selects CMP 15cwt Supply Run
Selects Reinforced Resource Caches
Bishop Self-propelled Artillery
Bishop Self-propelled Artillery
Selects Archer Tank Destroyer
Australian Light Infantry Section
Bishop Self-propelled Artillery